 Dungeon Crawl Stone Soup version 0.20.1-1-g8b1a95d (webtiles) character file.

5576 letownia2 the Reanimator (level 10, 58/81 (82) HPs)
             Began as a Deep Dwarf Necromancer on Nov 26, 2017.
             Was an Initiate of Gozag.
             Quit the game on level 8 of the Dungeon.
             The game lasted 00:30:42 (8942 turns).

letownia2 the Reanimator (Deep Dwarf Necromancer)   Turns: 8942, Time: 00:30:42

HP:   58/81 (82)    AC:  8    Str: 13      XL:     10   Next: 44%
MP:   22/22         EV: 11    Int: 18      God:    Gozag
Gold: 599           SH:  4    Dex: 12 (13) Spells: 13/25 levels left

rFire    . . .     SeeInvis .   a - +1 rapier (venom)
rCold    . . .     Gourm    .   (no shield)
rNeg     . . .     Faith    .   E - +0 ring mail {rPois}
rPois    +         Spirit   .   B - +0 helmet
rElec    .         Reflect  +   M - +0 cloak
rCorr    .         Harm     .   (no gloves)
MR       +....                  (no boots)
Stlth    +.........             D - +4 amulet of reflection
Regen    0.0/turn               s - +1 ring of protection
MPRegen  0.2/turn               (no ring)

@: non-regenerating
A: damage resistance, heal wounds, sense surroundings 2, no regeneration
a: Heal Wounds, Potion Petition, Call Merchant, Bribe Branch, Renounce Religion


You were on level 8 of the Dungeon.
You worshipped Gozag.
Gozag was pleased with you.
You were not hungry.

You visited 2 branches of the dungeon, and saw 9 of its levels.
You also visited: Bailey.

You collected 1705 gold pieces.
You paid 1106 gold pieces to Gozag.

Inventory:

Hand Weapons
 a - a +1 rapier of venom (weapon)
 b - a +1 short sword of protection
 d - a +2 halberd of electrocution
 e - a +1 war axe
 g - a +3 quarterstaff of chaos
 h - a cursed -2 dagger
 k - a +0 hunting sling
 t - a +2 dagger of freezing
 P - a +0 hunting sling of freezing
 Q - a +1 rapier of venom
 R - a +0 shortbow
Missiles
 y - 67 tomahawks of returning (quivered)
 S - 23 arrows
Armour
 B - a +0 helmet (worn)
 E - a +0 ring mail of poison resistance (worn)
 M - a +0 cloak (worn)
Jewellery
 s - a +1 ring of protection (left hand)
 D - a +4 amulet of reflection (around neck)
Wands
 m - a wand of confusion (24/48)
 z - a wand of acid (2/15)
 O - a wand of lightning (9/15)
Scrolls
 f - 2 scrolls of fog
 i - a scroll of identify
 l - a scroll of recharging {unknown}
 o - a scroll of enchant armour {unknown}
 p - 4 scrolls of amnesia {unknown}
 q - 3 scrolls of teleportation {unknown}
 x - 2 scrolls of remove curse
 C - 2 scrolls of enchant weapon {unknown}
 I - a scroll of immolation {unknown}
 L - a scroll of noise {unknown}
 V - a scroll of acquirement {unknown}
Potions
 j - a potion of ambrosia {unknown}
 n - 4 potions of lignification {unknown}
 r - 2 potions of resistance {unknown}
 u - 5 potions of heal wounds
 v - 5 potions of might
 w - a potion of flight {unknown}
 A - 2 potions of invisibility {unknown}
 F - 2 potions of magic {unknown}
 H - 2 potions of mutation {unknown}
 J - 5 potions of curing {unknown}
 U - a potion of berserk rage
 W - a potion of brilliance
Comestibles
 c - 10 bread rations
 G - 2 meat rations


   Skills:
 - Level 2.8 Fighting
 - Level 1.4 Armour
 - Level 2.1 Dodging
 - Level 2.4 Stealth
 + Level 8.2 Spellcasting
 - Level 3.8 Conjurations
 - Level 8.7 Necromancy
 - Level 2.3 Translocations
 - Level 2.0 Fire Magic
 - Level 3.1 Air Magic
 - Level 2.4 Poison Magic
 - Level 7.2 Evocations


You had 13 spell levels left.
You knew the following spells:

 Your Spells              Type           Power        Failure   Level  Hunger
a - Pain                  Necr           ####         1%          1    None
b - Blink                 Tloc           N/A          12%         2    None
c - Conjure Flame         Conj/Fire      ###.....     19%         3    #......
e - Mephitic Cloud        Conj/Pois/Air  ###.....     17%         3    #......
v - Vampiric Draining     Necr           #####.....   1%          3    #......


Dungeon Overview and Level Annotations

Branches:
Dungeon (8/15)             Temple (1/1) D:5
   Lair: D:8-11

Altars:
Ashenzari
Cheibriados
Dithmenos
Elyvilon
Fedhas
Gozag
Hepliaklqana
Kikubaaqudgha
Makhleb
Nemelex Xobeh
Okawaru
Qazlal
Ru
Sif Muna
Trog
Uskayaw
Vehumet
Xom
Yredelemnul
Zin
The Shining One

Shops:
D:8 [(

Annotations:
D:3 Ratty's ghost, amateur DEFE


Innate Abilities, Weirdness & Mutations

You are resistant to damage.
You can heal yourself by infusing magical energy.
You passively map the area around you.
You do not regenerate.


Message History

Put on which piece of jewellery? (? for menu, Esc to quit)
Okay, then.
There is an open door here.
There is an open door here.
There is an open door here.
You see here a +0 halberd of electrocution.
There is an open door here.
Magic restored.
There is a gate leading back out of this place here.
Welcome back to the Dungeon!
There is an empty arch of ancient stone here.
Unknown command. [a] 816 gold - Uzeiquz's Food Boutique [b] 767 gold - Oclupp Suuj's Armour Shoppe [c] 515 gold - Nitz's Antique Armour Emporium [d] 560 gold - Ycvukhel's Magic Scroll Shop Fund which merchant?
You no longer have enough gold to fund merchants seeking to open stores in the dungeon.
Nitz invites you to visit its Antique Armour Emporium.
Are you sure you want to abandon this character and quit the game? (Confirm with "yes".)

#.#
*#.####.######.##+#..#
#.# .## #)# #.# , ..# #.#
*..# #)# #.# ..# #.# #.#
#.# *, ,, *
#.######.###.#### * * ,
#........##.....# **
#####............)..## ,,
,, >...........#...)∩)..#
** * ,
#####.......#...@))∩.# *
#.......##.......####
##############...###....#
* ....... ##..# ##...# ,
....... #..# #...#* ** *
....... #..# #......, ,,
####### #..# #........ ,
.....# #..# #........ ,,
####.# ##.# #........


There were no monsters in sight!

Vanquished Creatures
  Pikel (D:6)
  An orc knight (Bailey)
  The ghost of Terandir the Chopper, a novice MiFi of Cheibriados (D:5)
  A troll (D:8)
  2 hippogriffs (D:7)
  A spriggan (D:7)
  Duvessa (D:6)
  A sky beast (D:4)
  4 slaves
  A necrophage (D:7)
  6 ogres
  A phantom (D:6)
  3 centaurs
  2 big kobolds (D:8)
  6 bullfrogs
  2 scorpions
  Dowan (D:6)
  4 wights (D:7)
  4 howler monkeys
  3 crimson imps
  2 quasits
  A bullfrog zombie (D:6)
  6 hounds
  8 orc wizards
  5 orc priests
  3 bullfrog skeletons
  3 jellies
  Crazy Yiuf (D:7)
  2 iguanas
  7 worker ants
  3 hound zombies (D:7)
  Robin (D:2)
  13 gnolls (Bailey)
  5 adders
  3 shadow imps
  An ooze (D:6)
  3 adder skeletons
  3 worms
  7 leopard geckos
  25 orcs
  4 bats
  3 giant cockroaches
  13 goblins
  18 hobgoblins
  5 jackals
  26 kobolds
  6 quokkas
  4 frilled lizards
  A giant cockroach zombie (D:6)
  A jackal skeleton (D:8)
  A jackal zombie (D:5)
  2 quokka skeletons
  9 rats
241 creatures vanquished.

Vanquished Creatures (others)
  A hobgoblin (Bailey)
  A kobold (Bailey)
2 creatures vanquished.

Grand Total: 243 creatures vanquished

Notes
Turn   | Place    | Note
-------+----------+-------------------------------------------
     0 | D:1      | letownia2 the Deep Dwarf Necromancer began the quest for the Orb.
     0 | D:1      | Reached XP level 1. HP: 15/15 MP: 3/3
   585 | D:3      | Noticed Ratty's ghost (amateur DEFE)
   773 | D:2      | Reached XP level 2. HP: 22/22 MP: 0/5
   929 | D:3      | Reached skill level 5 in Necromancy
  1035 | D:4      | Reached XP level 3. HP: 11/28 MP: 0/6
  1040 | D:4      | Learned a level 3 spell: Vampiric Draining
  1185 | D:4      | Reached XP level 4. HP: 5/36 MP: 0/7
  1436 | D:4      | Reached XP level 5. HP: 24/42 MP: 0/8
  1938 | D:4      | Learned a level 2 spell: Blink
  1942 | D:4      | Learned a level 3 spell: Mephitic Cloud
  2303 | D:4      | Reached skill level 1 in Armour
  2312 | D:4      | Reached skill level 1 in Fighting
  2312 | D:4      | Reached XP level 6. HP: 47/51 MP: 1/10
  2463 | D:5      | Entered Level 5 of the Dungeon
  2463 | D:5      | Noticed a sky beast
  2551 | D:4      | Killed a sky beast
  2551 | D:4      | Reached skill level 1 in Conjurations
  2551 | D:4      | Reached skill level 1 in Translocations
  2668 | D:5      | Noticed Terandir's ghost (novice MiFi)
  2750 | D:5      | Reached skill level 1 in Poison Magic
  2755 | D:5      | Found a staircase to the Ecumenical Temple.
  2819 | D:5      | Reached skill level 1 in Air Magic
  2819 | D:5      | Reached XP level 7. HP: 48/57 MP: 0/11
  2836 | Temple   | Entered the Ecumenical Temple
  2938 | Temple   | Became a worshipper of Gozag Ym Sagoz the Greedy
  2957 | Temple   | Learned a level 3 spell: Conjure Flame
  3070 | D:2      | Found a stormy altar of Qazlal.
  3087 | D:2      | Noticed a fire elemental
  3088 | D:2      | Noticed an air elemental
  3088 | D:2      | Noticed a water elemental
  3143 | D:2      | Noticed Robin
  3160 | D:2      | Killed Robin
  4789 | D:4      | Reached skill level 1 in Fire Magic
  5098 | D:5      | Reached XP level 8. HP: 42/64 MP: 0/13
  5264 | D:5      | Killed Terandir's ghost
  5484 | D:6      | Noticed Dowan
  5486 | D:6      | Noticed Duvessa
  5517 | D:6      | Killed Dowan
  5517 | D:6      | Reached skill level 5 in Spellcasting
  5530 | D:6      | Killed Duvessa
  5745 | D:6      | Gained mutation: You passively map the area around you. [Deep Dwarf growth]
  5745 | D:6      | Reached XP level 9. HP: 60/70 MP: 5/17
  5755 | D:6      | Reached skill level 1 in Evocations
  5761 | D:6      | Noticed Pikel
  6607 | D:7      | Found a runed door.
  6678 | D:7      | Reached skill level 5 in Evocations
  6732 | D:7      | Noticed Crazy Yiuf
  6737 | D:7      | Killed Crazy Yiuf
  7198 | D:6      | Killed Pikel
  7454 | D:7      | Found a shimmering altar of Xom.
  7496 | D:7      | Reached XP level 10. HP: 51/77 MP: 16/21
  7968 | D:8      | Found a flagged portal.
  8179 | Bailey   | Entered a bailey
  8386 | Bailey   | Noticed an orc knight
  8774 | Bailey   | Killed an orc knight
  8942 | D:8      | Quit the game

Skill      XL: |  1  2  3  4  5  6  7  8  9 10 |
---------------+-------------------------------+-----
Spellcasting   | 2 3 5 7 8 |  8.2
Necromancy     | 5 6 7 8 |  8.7
Armour         | 1 |  1.4
Fighting       | 1 2 |  2.8
Conjurations   | 1 2 3 |  3.8
Translocations | 1 2 |  2.3
Poison Magic   | 1 2 |  2.4
Air Magic      | 1 2 3 |  3.1
Fire Magic     | 2 |  2.0
Evocations     | 7 |  7.2
Dodging        | |  2.1
Stealth        | |  2.4

Action                   |  1- 3 |  4- 6 |  7- 9 | 10-12 || total
-------------------------+-------+-------+-------+-------++-------
Melee: Unarmed           |     9 |       |       |       ||     9
       Dagger            |     6 |    44 |   107 |       ||   157
       Rapier            |       |       |   134 |   159 ||   293
       Short sword       |       |       |    69 |       ||    69
       Quarterstaff      |       |       |    17 |       ||    17
       Halberd           |       |       |       |     2 ||     2
 Cast: Pain              |    42 |    17 |   129 |     1 ||   189
       Vampiric Draining |     2 |    29 |    62 |    57 ||   150
       Conjure Flame     |       |       |     2 |     1 ||     3
       Mephitic Cloud    |       |       |       |     5 ||     5
Invok: Call Merchant     |       |       |       |     2 ||     2
Evoke: Wand              |       |       |    11 |       ||    11
  Use: Scroll            |       |     1 |     5 |     1 ||     7
 Stab: Confused          |       |       |     2 |     1 ||     3
       Sleeping          |       |       |     2 |       ||     2
       Paralysed         |       |       |     1 |       ||     1
  Eat: Chunk             |     2 |     7 |     5 |       ||    14
       Royal jelly       |       |       |     2 |     1 ||     3
       Meat ration       |       |       |     2 |     1 ||     3
       Fruit             |       |       |     1 |     1 ||     2
Armor: Ring mail         |    11 |    18 |   158 |    88 ||   275
Dodge: Dodged            |    25 |    49 |   209 |   158 ||   441
Block: Other             |       |       |    68 |    52 ||   120
       Reflection        |       |       |     1 |    10 ||    11
